 Dungeon Crawl Stone Soup version 0.18.1-50-g88ac8fd (webtiles) character file.

28154 Hawkwind the Tortoise (level 13, -4/73 HPs)
             Began as a Gargoyle Fighter on May 25, 2019.
             Was the Champion of Okawaru.
             Slain by a deep elf knight
             ... wielding a +0 scimitar of holy wrath
              (6 damage)
             ... on level 13 of the Dungeon on June 24, 2019.
             The game lasted 01:33:23 (15443 turns).

Hawkwind the Tortoise (Gargoyle Fighter)           Turns: 15443, Time: 01:33:24

Health: -4/73      AC: 38    Str: 25    XL:     13   Next: 37%
Magic:  17/17      EV: 10    Int:  9    God:    Okawaru [******]
Gold:   605        SH: 11    Dex: 20    Spells: 0 memorised, 12 levels left

rFire  . . .     SeeInvis .     U - +0 trident (pierce)
rCold  . . .     Gourm    .     u - +0 plate armour
rNeg   + + .     Faith    .     c - +0 shield
rPois  ∞         Spirit   .     t - +2 helmet
rElec  +         Dismiss  .     q - +0 cloak of the Gastropod {rN+ Dex+4}
rCorr  .         Reflect  .     Q - +2 pair of gloves {Dex+3}
SustAt .         Harm     .     H - +1 pair of boots {Stlth+}
MR     .....                    (no amulet)
Stlth  ..........               w - +4 ring of evasion
                                G - +4 ring of dexterity

@: not resistant to hostile enchantments, extremely unstealthy
A: frail 1, negative energy resistance 1, electricity resistance, unbreathing,
petrification resistance, rot immunity, AC +9
a: Heroism, Finesse, Renounce Religion


You were on level 13 of the Dungeon.
You worshipped Okawaru.
Okawaru was exalted by your worship.
You were hungry.

You visited 3 branches of the dungeon, and saw 16 of its levels.
You also visited: Volcano.

You collected 1390 gold pieces.
You spent 785 gold pieces at shops.

Inventory:

Hand Weapons
 n - a +1 hand axe of electrocution
 S - a +0 blowgun
 U - a +0 trident of piercing (weapon)
Missiles
 B - a throwing net
 K - 5 javelins of returning (quivered)
 R - 4 curare-tipped needles
Armour
 c - a +0 shield (worn)
 j - a +0 pair of gloves of fire resistance
 q - the +0 cloak of the Gastropod (worn) {rN+ Dex+4}
   (Okawaru gifted it to you on level 2 of the Orcish Mines)

   It affects your dexterity (+4).
   It protects you from negative energy.
 t - a +2 helmet (worn)
 u - a +0 plate armour (worn)
 H - a +1 pair of boots of stealth (worn)
 N - a +2 cloak of invisibility
 Q - a +2 pair of gloves of dexterity (worn)
Jewellery
 w - a +4 ring of evasion (right hand)
 G - a +4 ring of dexterity (left hand)
 O - a +6 ring of intelligence
Wands
 E - a wand of flame (10/48)
 L - a wand of paralysis (21/24)
 M - a wand of acid (7/15)
Scrolls
 e - 9 scrolls of identify
 g - 4 scrolls of enchant weapon {unknown}
 i - 8 scrolls of remove curse
 k - a scroll of fear {unknown}
 l - 3 scrolls of enchant armour
 o - a scroll of acquirement {unknown}
 p - 2 scrolls of fog
 v - 3 scrolls of teleportation
 z - a scroll of recharging
Potions
 a - a potion of magic {unknown}
 d - a potion of might
 r - a potion of curing
 x - 4 potions of agility
 A - 2 potions of brilliance {unknown}
 C - a potion of experience {unknown}
 D - a potion of cancellation
 I - 2 potions of flight {unknown}
 J - 2 potions of ambrosia {unknown}
 P - 2 potions of berserk rage
Books
 m - a book of Necromancy

   Spells                             Type                      Level
   a - Pain                           Necromancy                   1
   b - Animate Skeleton               Necromancy                   1
   c - Vampiric Draining              Necromancy                   3
   d - Regeneration                   Charms/Necromancy            3
   e - Animate Dead                   Necromancy                   4
   f - Control Undead                 Necromancy                   4
 y - a book of Flames

   Spells                             Type                      Level
   a - Flame Tongue                   Conjuration/Fire             1
   b - Throw Flame                    Conjuration/Fire             2
   c - Conjure Flame                  Conjuration/Fire             3
   d - Inner Flame                    Hexes/Fire                   3
   e - Sticky Flame                   Conjuration/Fire             4
   f - Fireball                       Conjuration/Fire             5
Miscellaneous
 F - a plain deck of changes
Comestibles
 b - 8 beef jerkies
 f - 10 bread rations
 h - 8 meat rations
 s - 6 fruits


   Skills:
 - Level 10.2 Fighting
 + Level 11.4 Polearms
 * Level 15.6 Armour
 - Level 6.1 Shields
 - Level 6.0 Invocations
 - Level 1.0 Evocations


You had 12 spell levels left.
You didn't know any spells.

Dungeon Overview and Level Annotations

Branches:
Dungeon (13/15)            Temple (0/1) D:6            Lair (1/8) D:8
    Orc (2/2) D:10            Elf (0/3) Orc:2
 Vaults: D:13-14

Altars:
Ashenzari
Gozag
Makhleb
Nemelex Xobeh
Okawaru
Pakellas
Trog
Vehumet
Xom
Yredelemnul

Shops:
D:7 =   D:9 [   D:11 :   Orc:1 }   Orc:2 :=}*[

Annotations:
D:4 exclusion: statue
D:8 CALLOUS's ghost, novice DgSu


Innate Abilities, Weirdness & Mutations

You are resistant to torment.
Your stone body is resilient (AC +9).
You are immune to poison.
You resist negative energy.
You are resistant to electric shocks.
You can survive without breathing.
You are immune to petrification.
You are immune to rotting.
You are frail (-10% HP).


Message History

Your shield and plate armour prevent you from hitting the orc knight.
The orc knight is almost dead.
The orc priest no longer looks unusually strong.
The orc knight hits you but does no damage.
You barely miss the orc knight.
The orc knight is almost dead.
The deep elf knight completely misses you.
You block the orc knight's attack.
Unknown command.
Unknown command.
Your shield and plate armour prevent you from hitting the orc knight.
The orc knight is almost dead.
The deep elf knight hits you but does no damage.
You hit the orc knight but do no damage.
The orc knight is almost dead.
You block the orc knight's attack.
Your shield and plate armour prevent you from hitting the orc knight.
The orc knight is almost dead.
The deep elf knight hits you with a scimitar of holy wrath.
You die...

+.......####.###.......
#.......# #...[.......
#.+###### #####.......
#. # ##.##### #. . #
####.### #. ##. .#
#..<...# #..#.# #.#
#......# ##§#..#e##o.#
###......# ...§EooZe@#
###.'......#
#.#..#.#####'..#.<....#
......O.O.....###......#
.§.E..........# #......+
##§#..#.####### #......#
.......Z. #####+##
#.#..#.# #.#..#.# . #.
##z


You could see an orc knight, a deep elf knight, a deep elf mage, 2 fire
elementals, an ogre, an orc priest, an orc and a centaur skeleton.

Vanquished Creatures
  The ghost of CALLOUS the Protected, a journeyman FoMo (D:11)
  4 orc high priests (Orc:2)
  Sonja (D:10)
  4 orc knights (Orc:2)
  2 hill giants
  An ugly thing (D:12)
  5 orc sorcerers
  A deep elf mage (D:12)
  A manticore (Volcano)
  A cyclops (D:11)
  A gargoyle (D:11)
  A komodo dragon (D:12)
  4 trolls
  5 slime creatures (D:12)
  Grinder (D:6)
  Sigmund (D:4)
  A shadow (D:12)
  A water elemental (D:12)
  21 yaks
  6 fire bats (Volcano)
  2 steam dragons (D:5)
  A basilisk (D:12)
  A hungry ghost (D:10)
  2 mottled dragons (Volcano)
  2 wargs
  A water moccasin (D:11)
  A porcupine (D:8)
  5 ice beasts
  33 orc warriors
  2 phantoms
  2 sky beasts
  2 black bears
  9 ogres
  An eye of draining (D:11)
  A crocodile (D:8)
  2 centaurs
  A big kobold (D:11)
  10 giant frogs
  A gnoll sergeant (D:12)
  A wyvern skeleton (D:11)
  A water moccasin skeleton (D:12)
  4 scorpions
  13 killer bees
  4 wights (D:8)
  3 howler monkeys
  5 electric eels (D:12)
  3 crimson imps
  A giant frog zombie (D:5)
  4 hounds
  3 jellies
  Crazy Yiuf (D:4)
  16 orc priests
  3 centaur skeletons
  A giant frog skeleton (D:10)
  7 iguanas
  28 orc wizards
  5 worker ants
  7 sheep (D:8)
  A killer bee zombie (D:6)
  2 hound skeletons
  2 hound zombies
  2 worker ant zombies
  15 gnolls
  11 adders
  2 river rats (D:8)
  2 oozes
  5 worms
  A dart slug (D:2)
  6 giant geckos
  85 orcs
  7 giant cockroaches
  8 goblins
  7 hobgoblins
  8 quokkas
  2 ball pythons
  8 bats
  14 giant newts
  7 kobolds
  8 rats
455 creatures vanquished.

Vanquished Creatures (others)
  A killer bee (D:12)
  5 sheep (D:11)
  A gnoll (D:12)
  An adder (D:12)
  An orc (Orc:2)
  A plant (D:8)
10 creatures vanquished.

Grand Total: 465 creatures vanquished

Notes
Turn   | Place    | Note
--------------------------------------------------------------
     0 | D:1      | Hawkwind the Gargoyle Fighter began the quest for the Orb.
     0 | D:1      | Reached XP level 1. HP: 14/14 MP: 1/1
    22 | D:1      | Found an iron altar of Okawaru.
    35 | D:1      | Became a worshipper of Warmaster Okawaru
   310 | D:1      | Reached XP level 2. HP: 19/19 MP: 2/2
  1202 | D:2      | Reached XP level 3. HP: 23/23 MP: 3/3
  1336 | D:2      | Found a basalt altar of Yredelemnul.
  1496 | D:2      | Reached skill level 4 in Armour
  1577 | D:2      | Noticed a moth of wrath
  1591 | D:2      | Found a bloodstained altar of Trog.
  1600 | D:2      | Reached skill level 1 in Invocations
  1600 | D:2      | Reached XP level 4. HP: 28/28 MP: 4/4
  1991 | D:3      | Noticed a giant frog
  2008 | D:3      | Killed a giant frog
  2008 | D:3      | Reached XP level 5. HP: 20/33 MP: 6/6
  2260 | D:3      | Found a burning altar of Makhleb.
  2371 | D:3      | Reached * piety under Okawaru
  2394 | D:3      | Noticed an ice beast
  2430 | D:3      | Killed an ice beast
  2430 | D:3      | Reached skill level 5 in Shields
  2430 | D:3      | Reached XP level 6. HP: 38/38 MP: 4/7
  3171 | D:3      | You fall through a shaft for 2 floors!
  3171 | D:5      | Entered Level 5 of the Dungeon
  3515 | D:4      | Reached XP level 7. HP: 38/43 MP: 9/9
  3584 | D:4      | Found a radiant altar of Vehumet.
  3606 | D:4      | Noticed Sigmund
  3638 | D:4      | Killed Sigmund
  3638 | D:4      | Reached ** piety under Okawaru
  3705 | D:4      | Found a shimmering altar of Xom.
  3842 | D:4      | Reached skill level 5 in Armour
  3896 | D:4      | Noticed Crazy Yiuf
  3907 | D:4      | Killed Crazy Yiuf
  4523 | D:5      | Reached XP level 8. HP: 24/48 MP: 10/10
  4600 | D:5      | Reached skill level 5 in Fighting
  4884 | D:6      | Reached skill level 6 in Armour
  4888 | D:6      | Reached *** piety under Okawaru
  4956 | D:6      | Noticed Grinder
  4964 | D:6      | Paralysed by Grinder for 4 turns
  4972 | D:6      | Killed Grinder
  4972 | D:6      | Reached skill level 5 in Polearms
  5029 | D:6      | Found an opulent altar of Gozag.
  5030 | D:6      | Found a sparkling altar of Nemelex Xobeh.
  5030 | D:6      | Found an oddly glowing altar of Pakellas.
  5083 | D:6      | Found a staircase to the Ecumenical Temple.
  5130 | D:6      | Reached XP level 9. HP: 54/56 MP: 11/11
  5233 | D:6      | Reached skill level 7 in Armour
  5767 | D:7      | Reached **** piety under Okawaru
  6338 | D:7      | Found Hevvixie's Jewellery Shop.
  6746 | D:7      | Reached skill level 8 in Armour
  7031 | D:8      | Reached XP level 10. HP: 52/64 MP: 12/12
  7171 | D:8      | Reached ***** piety under Okawaru
  7406 | D:8      | Noticed CALLOUS's ghost (novice DgSu)
  7485 | D:8      | Found a staircase to the Lair.
  7493 | Lair:1   | Entered Level 1 of the Lair of Beasts
  7790 | D:8      | Reached skill level 9 in Armour
  8205 | D:9      | Found a shattered altar of Ashenzari.
  8643 | D:9      | Reached skill level 10 in Armour
  8730 | D:9      | Found Irukeg's Antique Armour Shoppe.
  9148 | D:10     | Entered Level 10 of the Dungeon
  9233 | D:10     | Reached skill level 5 in Invocations
  9499 | D:10     | Noticed Sonja
  9504 | D:10     | Reached XP level 11. HP: 60/71 MP: 11/14
  9551 | D:10     | Killed Sonja
  9551 | D:10     | Received a gift from Okawaru
  9595 | D:10     | Found a staircase to the Orcish Mines.
 10099 | D:11     | Found Sauhutua's Book Shoppe.
 10160 | D:11     | Noticed a cyclops
 10172 | D:11     | Killed a cyclops
 10185 | D:11     | Found a shimmering altar of Xom.
 10198 | D:11     | Noticed CALLOUS's ghost (journeyman FoMo)
 10210 | D:10     | Noticed a hill giant
 10220 | D:10     | Killed a hill giant
 10220 | D:10     | Reached skill level 11 in Armour
 10557 | Orc:1    | Entered Level 1 of the Orcish Mines
 10718 | Orc:2    | Entered Level 2 of the Orcish Mines
 10860 | Orc:2    | Noticed an orc high priest
 10861 | Orc:2    | Found a staircase to the Elven Halls.
 11019 | Orc:2    | Noticed a sun demon
 11019 | Orc:2    | Noticed a sun demon
 11049 | Orc:2    | Found a dark tunnel.
 11056 | Volcano  | Entered a volcano
 11355 | Volcano  | Noticed a manticore
 11374 | Volcano  | Killed a manticore
 11374 | Volcano  | Reached skill level 10 in Fighting
 11568 | Volcano  | Found a radiant altar of Vehumet.
 12005 | Orc:2    | Reached skill level 12 in Armour
 12015 | Orc:2    | Noticed a sixfirhy
 12015 | Orc:2    | Killed an orc high priest
 12141 | Orc:2    | Reached XP level 12. HP: 68/77 MP: 16/16
 12148 | Orc:2    | Found Etzuhiov's Book Boutique.
 12441 | Orc:1    | Noticed an orc high priest
 12506 | Orc:1    | Noticed a sun demon
 12516 | Orc:2    | Received a gift from Okawaru
 12519 | Orc:2    | Got an encrusted cloak {god gift}
 12531 | Orc:2    | Identified the +0 cloak of the Gastropod {rN+ Dex+4} (Okawaru gifted it to you on level 2 of the Orcish Mines)
 12575 | Orc:1    | Found Imiuvofecs's Gadget Shop.
 12579 | Orc:1    | HP: 3/77 [orc priest/nerve-wracking pain (11)]
 12889 | Orc:1    | Bought a plain deck of changes for 224 gold pieces
 13173 | Orc:2    | Noticed an orc high priest
 13190 | Orc:2    | Killed an orc high priest
 13190 | Orc:2    | Reached skill level 10 in Polearms
 13190 | Orc:2    | Reached skill level 13 in Armour
 13528 | Orc:2    | Noticed an orc high priest
 13539 | Orc:2    | Killed an orc high priest
 13554 | Orc:2    | Paralysed by an orc sorcerer for 7 turns
 13560 | Orc:2    | Gained mutation: You are frail (-10% HP). [a neqoxec]
 13569 | Orc:2    | Found Fodo's Gadget Shoppe.
 13576 | Orc:2    | Noticed an orc high priest
 13581 | Orc:2    | Reached skill level 14 in Armour
 13587 | Orc:2    | Paralysed by an orc sorcerer for 4 turns
 13593 | Orc:2    | Killed an orc high priest
 13614 | Orc:2    | Found Hocsuapung's Antique Armour Shop.
 13622 | Orc:2    | Bought a pair of glowing boots for 126 gold pieces
 13622 | Orc:2    | Found Lysywirr's Assorted Antiques.
 13624 | Orc:2    | Found Unonti's Jewellery Shoppe.
 13635 | Orc:2    | Bought a shiny iron wand for 120 gold pieces
 13635 | Orc:2    | Bought a runed cloak for 135 gold pieces
 13635 | Orc:2    | Bought a blackened moonstone ring for 150 gold pieces
 13635 | Orc:2    | Bought a scroll labeled HUGOJE ABIFIO for 30 gold pieces
 14145 | D:11     | Received a gift from Okawaru
 14188 | D:11     | Reached skill level 1 in Evocations
 14196 | D:11     | Reached XP level 13. HP: 55/73 MP: 0/17
 14431 | D:11     | Killed CALLOUS's ghost
 14431 | D:11     | Reached skill level 15 in Armour
 15158 | D:12     | Reached ****** piety under Okawaru
 15272 | D:12     | Received a gift from Okawaru
 15437 | D:13     | HP: 1/73 [orc priest/divine providence (11)]
 15443 | D:13     | Slain by a deep elf knight

Skill      XL: |  1  2  3  4  5  6  7  8  9 10 11 12 13 |
---------------+----------------------------------------+-----
Polearms       | 2 3 5 7 8 9 10 11 | 11.4
Armour         | 4 5 6 8 10 12 14 15 | 15.6
Invocations    | 1 2 3 5 6 |  6.0
Shields        | 4 5 6 |  6.1
Fighting       | 4 6 7 9 10 | 10.2
Evocations     | 1 |  1.0

Action                   |  1- 3 |  4- 6 |  7- 9 | 10-12 | 13-15 || total
-------------------------+-------+-------+-------+-------+-------++-------
Melee: Trident           |   186 |   380 |    66 |   235 |   365 ||  1232
       Halberd           |       |       |   313 |   504 |       ||   817
       Hand axe          |       |       |       |   282 |       ||   282
 Fire: Blowgun           |       |       |       |    16 |       ||    16
Throw: Javelin           |       |       |       |    23 |     2 ||    25
       Throwing net      |       |       |       |     1 |       ||     1
Invok: Heroism           |       |     2 |     3 |    14 |       ||    19
       Finesse           |       |       |       |     2 |     1 ||     3
Evoke: Wand              |       |       |       |       |     7 ||     7
  Use: Potion            |       |       |     2 |    12 |       ||    14
       Scroll            |       |       |       |    18 |       ||    18
 Stab: Held in net/web   |       |       |       |     2 |       ||     2
  Eat: Chunk             |     3 |     7 |    12 |    18 |     5 ||    45
       Bread ration      |       |       |       |     1 |       ||     1
       Beef jerky        |       |       |       |     3 |       ||     3
Armor: Scale mail        |    58 |       |       |       |       ||    58
       Plate armour      |    45 |   264 |   388 |  1030 |   151 ||  1878
Dodge: Dodged            |    50 |    65 |   145 |   517 |    91 ||   868
Block: Shield            |   105 |   196 |    17 |   273 |   128 ||   719
